 Dungeon Crawl Stone Soup version 0.30.0-29-ga12c61a403 (webtiles) character file.

Game seed: 2584077072360007825

1321 Graphine the Ducker (level 8, 0/63 HPs)
             Began as a Merfolk Gladiator on June 21, 2023.
             Was a Follower of Makhleb.
             Succumbed to a kobold brigand's poison
             ... on level 7 of the Dungeon.
             The game lasted 00:09:56 (4152 turns).

Graphine the Ducker (Merfolk Gladiator)             Turns: 4152, Time: 00:09:56

Health: 0/63       AC:  4    Str: 15    XL:     8   Next: 59%
Magic:  10/10      EV: 15    Int:  7    God:    Makhleb [*.....]
Gold:   257        SH:  0    Dex: 17    Spells: 7/7 levels left

rFire   . . .        m - +2 dagger (drain)
rCold   . . .        (no shield)
rNeg    . . .        b - +0 leather armour
rPois   .            r - +2 hat {Will+}
rElec   .            (no cloak)
rCorr   .            (no gloves)
SInv    .            j - +2 pair of boots
Will    +....        (no amulet)
Stlth   ++           (no ring)
HPRegen 0.30/turn    (no ring)
MPRegen 0.12/turn

%: no passive effects
@: lethally poisoned (0 -> -7), corroded, on berserk cooldown, slowed, very slow
A: (nimble swimmer 2), mertail
a: Renounce Religion


You were on level 7 of the Dungeon.
You worshipped Makhleb.
Makhleb was aware of your devotion.
You visited 2 branches of the dungeon, and saw 8 of its levels.

You collected 257 gold pieces.

Inventory:

Hand Weapons
 a - a +0 long sword
 m - a +2 dagger of draining (weapon)
Missiles
 d - 2 throwing nets
 e - 2 javelins (quivered)
Armour
 b - a +0 leather armour (worn)
 c - a +0 helmet
 j - a +2 pair of boots (worn)
 r - a +2 hat of willpower (worn)
Jewellery
 f - a ring of wizardry
Wands
 i - a wand of iceblast (4)
 w - a wand of mindburst (14)
Scrolls
 h - a scroll of amnesia
 s - a scroll of identify
 t - 2 scrolls of fog {unknown}
 v - a scroll of magic mapping
 x - a scroll of enchant armour {unknown}
 y - a scroll of acquirement {unknown}
 z - a scroll of teleportation
Potions
 g - a potion of brilliance
 k - a potion of mutation
 l - a potion of curing
 n - a potion of flight
 o - a potion of lignification
 p - a potion of ambrosia
 u - a potion of heal wounds


   Skills:
 * Level 5.6 Fighting
 * Level 6.7 Long Blades
 + Level 4.1 Throwing
 * Level 7.5 Dodging
 + Level 3.4 Stealth
 + Level 3.3 Invocations


You had 7 spell levels left.
You didn't know any spells.
Your spell library contained the following spells:

 Spells                   Type           Power      Damage    Failure   Level
 Cigotuvi's Dreadful Rot  Necr/Pois/Air  0%         N/A       65%         2
 Call Canine Familiar     Summ           0%         N/A       86%         3
 Ignite Poison            Fire/Tmut/Pois 0%         N/A       86%         3
 Portal Projectile        Hex/Tloc       0%         N/A       86%         3
 Tukima's Dance           Hex            0%         N/A       86%         3
 Leda's Liquefaction      Hex/Erth       0%         N/A       99%         4
 Manifold Assault         Tloc           0%         N/A       99%         4
 Passage of Golubria      Tloc           0%         N/A       99%         4
 Freezing Cloud           Conj/Ice/Air   0%         6-21      100%        5
 Yara's Violent Unravell  Hex/Tmut       0%         3d3       100%        5
 Dispersal                Tloc           0%         N/A       100%        6
 Disjunction              Tloc           0%         N/A       100%        8


Dungeon Overview and Level Annotations

Branches:
Dungeon (7/15)             Temple (1/1) D:5

Altars:
Dithmenos
Elyvilon
Fedhas
Gozag
Hepliaklqana
Kikubaaqudgha
Makhleb
Ru
Xom
Yredelemnul
Zin

Shops:
D:2 =   D:3 :=

Annotations:
D:7 Graphine's ghost, novice DEFE


Innate Abilities, Weirdness & Mutations

((You are very nimble when in or above water. (Stealth+, EV+, Speed+++)))
Your lower body shifts to a powerful aquatic tail in water.


Message History

The poisoned dart misses Graphine's ghost.
The kobold brigand throws a poisoned dart.
The poisoned dart barely misses Graphine's ghost.
The kobold brigand throws a curare-tipped dart.
The curare-tipped dart closely misses Graphine's ghost.
Graphine's ghost closely misses you.
You flicker for a moment.
You feel very sick.
The kobold brigand throws a poisoned dart.
You feel sick. Graphine's ghost barely misses you.
You feel sick.
The kobold brigand shouts!
The kobold brigand zaps a wand.
The bolt of acid hits you!
* * * LOW HITPOINT WARNING * * *
The acid corrodes you!
There is an escape hatch in the floor here.
You feel better.
The kobold brigand throws a curare-tipped dart.
The curare-tipped dart closely misses Graphine's ghost.
The curare-tipped dart closely misses the kobold brigand.
The curare-tipped dart closely misses you.
The kobold brigand hits you with a +0 whip!
* * * LOW HITPOINT WARNING * * *
The kobold brigand throws a poisoned dart.
The poisoned dart closely misses Graphine's ghost.
The poisoned dart hits you!
You are lethally poisoned!
You can't go up here!
You flicker back into view.
* * * LOW HITPOINT WARNING * * *
You feel very sick.
The kobold brigand dies!
The kobold brigand is no longer moving slowly.
The kobold brigand looks more healthy.
Graphine's ghost hits you.
* * * LOW HITPOINT WARNING * * *
Graphine's ghost freezes you.
* * * LOW HITPOINT WARNING * * *
The kobold brigand misses you.
You slide downwards.
The hatch slams shut behind you.
You die...

#...#?.......
#............
............
...........
..........
.........
#.K......
#@.......
#.W.......
#o........
..........
...........
o.o.........
.............
......#.......


You could see an orc warrior (wandering), a kobold brigand (poisoned),
Graphine's ghost and 2 orcs.

Vanquished Creatures
  Eustachio (D:4)
  An ice beast (D:5)
  2 ogres (D:6)
  A centaur (D:5)
  4 kobold brigands (D:6)
  A scorpion (D:5)
  A jelly (D:5)
  A gnoll bouda (D:6)
  2 orc priests (D:2)
  2 sleepcaps
  2 iguanas
  3 gnolls (D:6)
  9 adders
  2 worms
  2 dart slugs (D:2)
  7 orcs
  6 ball pythons
  3 bats (D:1)
  8 endoplasms
  A giant cockroach (D:1)
  7 goblins
  6 hobgoblins
  3 jackals (D:1)
  6 kobolds
  2 quokkas
  5 frilled lizards
  5 rats
93 creatures vanquished.

Vanquished Creatures (others)
  A kobold demonologist (D:6)
  A kobold brigand (D:6)
  An endoplasm (D:4)
3 creatures vanquished.

Grand Total: 96 creatures vanquished

Notes
Turn   | Place    | Note
-------+----------+-------------------------------------------
     0 | D:1      | Graphine the Merfolk Gladiator began the quest for the Orb.
     0 | D:1      | Reached XP level 1. HP: 16/16 MP: 1/1
    66 | D:1      | You fall into a shaft and drop 1 floor!
   140 | D:1      | Reached XP level 2. HP: 23/23 MP: 2/2
   540 | D:1      | Reached XP level 3. HP: 21/28 MP: 3/3
  1194 | D:2      | Reached XP level 4. HP: 33/35 MP: 4/4
  1455 | D:2      | Reached skill level 5 in Dodging
  1455 | D:2      | Reached skill level 1 in Stealth
  1455 | D:2      | Reached skill level 1 in Invocations
  1455 | D:2      | Reached XP level 5. HP: 38/41 MP: 5/5
  1608 | D:2      | Found Hagucuv's Jewellery Shop.
  1748 | D:3      | Found Tavemm's Book Emporium.
  1800 | D:3      | Found Nusihov's Jewellery Boutique.
  1806 | D:3      | Found Qiofeb's Magic Scroll Boutique.
  1814 | D:3      | Found a faded altar of an unknown god.
  2511 | D:4      | Reached XP level 6. HP: 42/47 MP: 7/7
  2589 | D:4      | Identified the +2 hand axe of Yzad {freeze, rN+ Int+2}
  2739 | D:4      | Noticed Eustachio
  2748 | D:4      | Killed Eustachio
  2749 | D:4      | Reached skill level 5 in Long Blades
  2940 | D:5      | Entered Level 5 of the Dungeon
  2940 | D:5      | Found a staircase to the Ecumenical Temple.
  2947 | Temple   | Entered the Ecumenical Temple
  2952 | Temple   | Became a worshipper of Makhleb the Destroyer
  2978 | D:5      | Reached skill level 6 in Dodging
  2978 | D:5      | Reached XP level 7. HP: 54/54 MP: 8/8
  3626 | D:6      | Found a runed translucent gate.
  3626 | D:6      | Found a runed translucent gate.
  3626 | D:6      | Found a runed translucent gate.
  3627 | D:6      | Noticed Graphine's ghost (novice DEFE)
  3629 | D:6      | Noticed a kobold demonologist
  3802 | D:6      | Reached XP level 8. HP: 55/61 MP: 8/10
  3814 | D:6      | Reached skill level 5 in Fighting
  4132 | D:6      | Killed a kobold demonologist
  4133 | D:6      | Reached skill level 7 in Dodging
  4139 | D:6      | Reached * piety under Makhleb
  4151 | D:6      | HP: 3/63 [poisoned by a kobold brigand]
  4151 | D:6      | HP: 1/63 [Graphine's ghost (1)]
  4152 | D:7      | Succumbed to a kobold brigand's poison

Illustrated notes

Levels and vault maps discovered:
D:1:      dpeg_arrival_arbitrary_a, layout_loops_ring, dk_noncrumbling_4,
          grunt_decor_resistance
D:2:      layout_rooms, serial_shops, shop
D:3:      layout_loops_cross, serial_shops, shop, shop, shop,
          ebering_ecumenical_altar_petrified, hellmonk_no_cap
D:4:      layout_rooms, lemuel_flame_loot_1, uniq_eustachio
D:5:      layout_cave_pools, minmay_temple_entry_trees, serial_column_ruins,
          column_ruins_columns_dead_end, column_ruins_columns_straight,
          column_ruins_corridor_straight, column_ruins_corridor_T,
          column_ruins_open_small_water, column_ruins_open_large
D:6:      layout_basic, gammafunk_ghost_nasty_kobolds
D:7:      layout_rooms, gammafunk_ghost_gnarly_gnolls
Temple:   minmay_freezing_vapour_temple

Skill      XL: |  1  2  3  4  5  6  7  8 |
---------------+-------------------------+-----
Long Blades    | 4 5 6 |  6.7
Fighting       | 3 4 5 |  5.6
Dodging        | 5 6 7 |  7.5
Stealth        | 1 2 3 |  3.4
Invocations    | 1 2 3 |  3.3
Throwing       | 3 4 |  4.1

Action                     |  1- 3 |  4- 6 |  7- 9 || total
---------------------------+-------+-------+-------++-------
  Melee: Long sword        |    55 |       |       ||    55
         Dagger            |    41 |    44 |   123 ||   208
         Punch             |     2 |       |     1 ||     3
  Throw: Javelin           |       |    39 |     2 ||    41
         Throwing net      |       |     1 |       ||     1
  Evoke: Wand              |       |    15 |       ||    15
    Use: Scroll            |     4 |     7 |     4 ||    15
         Potion            |       |       |     4 ||     4
   Stab: Sleeping          |     3 |     1 |       ||     4
         Invisible         |       |       |     3 ||     3
 Armour: Leather armour    |    38 |    13 |    22 ||    73
  Dodge: Dodged            |    60 |    31 |    76 ||   167
